 Dungeon Crawl Stone Soup version 0.28-a0-657-g71136c5590 (webtiles) character file.

Game seed: 6591760086720390134

5 jsc133 the Slasher (level 1, 0/18 HPs)
             Began as a Human Berserker on Oct 13, 2021.
             Was a Follower of Nemelex Xobeh.
             Slain by a kobold (1 damage)
             ... on level 1 of the Dungeon.
             The game lasted 00:02:08 (110 turns).

jsc133 the Slasher (Human Berserker)                 Turns: 110, Time: 00:02:09

Health: 0/18       AC:  2    Str: 17    XL:     1   Next: 88%
Magic:  1/1        EV: 12    Int:  7    God:    Nemelex Xobeh [*.....]
Gold:   19         SH:  0    Dex: 12    Spells: 0/0 levels left

rFire   . . .      SeeInvis .   a - +0 falchion
rCold   . . .      Faith    .   (no shield)
rNeg    . . .      Spirit   .   b - +0 animal skin
rPois   .          Reflect  .   (no helmet)
rElec   .          Harm     .   (no cloak)
rCorr   .          Rampage  .   (no gloves)
Will    .....                   (no boots)
Stlth   +.........              (no amulet)
HPRegen 0.06/turn               (no ring)
MPRegen 0.07/turn               (no ring)

@: no status effects
A: no striking features
a: Renounce Religion, Draw Escape, Draw Destruction, Draw Summoning


You were on level 1 of the Dungeon.
You worshipped Nemelex Xobeh.
Nemelex Xobeh was aware of your devotion.
You visited 1 branch of the dungeon, and saw 1 of its levels.

You collected 19 gold pieces.

Inventory:

Hand Weapons
 a - a +0 falchion (weapon)
Armour
 b - a +0 animal skin (worn)


   Skills:
 + Level 3.1 Fighting
 + Level 3.2 Long Blades
 + Level 2.0 Armour
 + Level 2.0 Dodging


You couldn't memorise any spells.
You didn't know any spells.
Your spell library was empty.

Dungeon Overview and Level Annotations

Branches:
Dungeon (1/15)

Altars:
Nemelex Xobeh


Message History

The ball python constricts you.
The ball python hisses angrily.
You hit the ball python.
The ball python is moderately wounded.
The ball python bites you but does no damage.
The ball python constricts you. The quokka bites you.
The ball python barely misses you. The ball python constricts you.
You barely miss the ball python.
The ball python is moderately wounded.
The kobold hits you with a +0 dagger. The quokka barely misses you.
The ball python bites you. The ball python constricts you.
You slash the ball python!
You kill the ball python!
The quokka bites you but does no damage.
The kobold hits you but does no damage. The quokka barely misses you.
The kobold hits you but does no damage.
The quokka bites you but does no damage.
You see here a ball python corpse.
You hit the quokka.
You kill the quokka!
The kobold closely misses you. The ball python misses you. x2
The kobold hits you with a +0 dagger.
* * * LOW HITPOINT WARNING * * *
You hit the ball python.
You kill the ball python!
The kobold hits you with a +0 dagger.
* * * LOW HITPOINT WARNING * * *
You hit the kobold but do no damage. The kobold barely misses you.
You hit the kobold but do no damage. The kobold hits you with a +0 dagger.
* * * LOW HITPOINT WARNING * * *
A giant cockroach comes into view.
You hit the kobold.
The kobold is moderately wounded.
The kobold hits you with a +0 dagger.
* * * LOW HITPOINT WARNING * * *
You hit the kobold but do no damage.
The kobold is moderately wounded.
The kobold hits you with a +0 dagger.
You die...
Your body disappears without a glow.

### ######### ...
....... #.. ..#...
#.# #...# #.# #...
#######.####.##
.......@..._.†#
#######K###...# #.#
##..# ###B#
#..######### ###
#...####...>......#
#..
......###.#######.#.
#.#
#.###.###.#######...
###.###.###.#
#.............#
............#
#.###.######..#


You could see a giant cockroach and a kobold.

Vanquished Creatures
  3 ball pythons (D:1)
  A quokka (D:1)
  A bat (D:1)
5 creatures vanquished.

Notes
Turn   | Place    | Note
-------+----------+-------------------------------------------
     0 | D:1      | jsc133 the Human Berserker began the quest for the Orb.
     0 | D:1      | Reached XP level 1. HP: 18/18 MP: 1/1
    48 | D:1      | Found a faded altar of an unknown god.
    87 | D:1      | Prayed at the altar of an unknown god.
    87 | D:1      | Fell from the grace of Trog
    87 | D:1      | Became a worshipper of Nemelex Xobeh the Trickster
    87 | D:1      | Reached * piety under Nemelex Xobeh
   110 | D:1      | Slain by a kobold

Illustrated notes

Levels and vault maps discovered:
D:1:      ldierk_walled_garden, layout_loops_ring, basic_ecumenical_altar

Action                   || total
-------------------------++-------
Melee: Falchion          ||    17
Invok: Berserk           ||     1
  Use: Scroll            ||     1
Armor: Animal skin       ||    10
Dodge: Dodged            ||    19

Table legend: (Time is in decaauts)
 A = Elapsed time spent in this place.
 B = Non-inter-level travel time spent in this place.
 C = Inter-level travel time spent in this place.
 D = Time resting spent in this place.
 E = Time spent auto-exploring this place.
 F = Levels seen in this place.
 G = Mean time per level.
                   A        B        C        D        E       F      G
               +--------+--------+--------+--------+--------+-----+--------+
         Total |    127 |    127 |      0 |      0 |      0 |   1 |  127.0 |
       Dungeon |    127 |    127 |      0 |      0 |      0 |   1 |  127.0 |
               +--------+--------+--------+--------+--------+-----+--------+

Top non-repeatable levels by time:
     D:1: 127 daAuts
